 Dungeon Crawl Stone Soup version 0.29-a0-723-gce39da1c22 (webtiles) character file.

Game seed: 10009780049649899840

951 gobodom the Cudgeller (level 7, -10/60 HPs)
             Began as a Troll Gladiator on June 28, 2022.
             Was a Priest of Hepliaklqana.
             Mangled by a yak (11 damage)
             ... on level 6 of the Dungeon.
             The game lasted 00:19:33 (3892 turns).

gobodom the Cudgeller (Troll Gladiator)             Turns: 3892, Time: 00:19:34

Health: -10/60     AC:  4    Str: 23    XL:     7   Next: 90%
Magic:  7/7        EV: 10    Int:  6    God:    Hepliaklqana [***...]
Gold:   253        SH:  0    Dex: 11    Spells: 7/7 levels left

rFire   + . .      SeeInvis .   h - +1 mace (drain)
rCold   . . .      Faith    .   (no shield)
rNeg    + . .      Spirit   .   E - +0 robe {rF+}
rPois   .          Reflect  .   c - +0 hat
rElec   .          Harm     .   (no cloak)
rCorr   .          Rampage  .   (gloves unavailable)
Will    .....                   (boots unavailable)
Stlth   ++........              D - amulet of regeneration
HPRegen 1.80/turn               q - ring of positive energy
MPRegen 0.10/turn               (no ring)

@: no status effects
A: reduced essence, large, unfitting armour, claws 3, regeneration 1, shaggy fur
1, tough skin 1
a: Renounce Religion, Recall Ancestor, Ancestor Identity, Transference


You were on level 6 of the Dungeon.
You worshipped Hepliaklqana.
Hepliaklqana was most pleased with you.
You visited 1 branch of the dungeon, and saw 6 of its levels.

You collected 253 gold pieces.

Inventory:

Hand Weapons
 a - a +3 hand axe
 h - a +1 mace of draining (weapon)
 A - a +2 dagger of venom
 B - a +0 war axe of venom
Missiles
 d - 5 throwing nets
 e - a large rock (quivered)
Armour
 c - a +0 hat (worn)
 E - a +0 robe of fire resistance (worn)
Jewellery
 q - a ring of positive energy (left claw)
 C - a ring of fire
 D - an amulet of regeneration (around neck)
Wands
 y - a wand of quicksilver (11)
Scrolls
 f - a scroll of fear {unknown}
 g - 2 scrolls of enchant armour {unknown}
 j - a scroll of vulnerability {unknown}
 k - a scroll of enchant weapon {unknown}
 m - 2 scrolls of magic mapping {unknown}
 n - a scroll of teleportation
 w - a scroll of poison {unknown}
 z - a scroll of silence {unknown}
Potions
 i - a potion of brilliance
 l - a potion of attraction
 o - 2 potions of cancellation {unknown}
 p - 2 potions of heal wounds
 r - a potion of ambrosia
 s - a potion of might {unknown}
 t - 2 potions of magic {unknown}
 u - 4 potions of curing {unknown}
 v - a potion of degeneration {unknown}
 x - 2 potions of flight {unknown}


   Skills:
 + Level 3.1 Fighting
 - Level 3.1(4.2) Axes
 + Level 4.9(5.4) Maces & Flails
 + Level 2.3 Throwing
 + Level 3.7 Dodging
 + Level 2.1 Stealth
 + Level 0.9 Spellcasting


You had 7 spell levels left.
You didn't know any spells.
Your spell library contained the following spells:

 Spells                   Type           Power      Damage    Failure   Level
 Frozen Ramparts          Ice            0%         1d2       80%         3
 Portal Projectile        Hex/Tloc       0%         N/A       80%         3
 Tukima's Dance           Hex            0%         N/A       80%         3
 Animate Armour           Summ/Erth      0%         N/A       99%         4
 Ice Form                 Ice/Tmut       0%         N/A       99%         4
 Summon Ice Beast         Ice/Summ       0%         N/A       99%         4
 Blade Hands              Tmut           0%         N/A       100%        5
 Iron Shot                Conj/Erth      0%         9d1       100%        6


Dungeon Overview and Level Annotations

Branches:
Dungeon (6/15)
 Temple: D:4-7

Altars:
Hepliaklqana
Kikubaaqudgha
Wu Jian
Xom


Innate Abilities, Weirdness & Mutations

Your life essence is reduced to manifest your ancestor. (-10% HP)
You are too large for most types of armour.
You have claws for hands.
Your natural rate of healing is unusually fast.
You are covered in fur. (AC +1)
You have tough skin. (AC +1)


Message History

Kenrick points at the yak and mumbles some strange words.
The puff of frost hits the yak!
The yak gores you but does no damage. The yak closely misses you.
You sock the yak! You drain the yak.
The yak is almost dead.
The yak gores you but does no damage.
You barely miss the yak. The yak completely misses you.
Kenrick points at the yak and mumbles some strange words.
The puff of frost hits the yak!
The yak misses you. The yak barely misses you.
You sock the yak!
The yak is heavily wounded.
The yak barely misses you. The yak gores you.
You hit the yak. You drain the yak.
The yak is severely wounded.
The yak gores you. x2
You hit the yak but do no damage. You drain the yak.
The yak is severely wounded.
The yak closely misses you. The yak completely misses you.
You sock the yak!
The yak is almost dead.
The yak closely misses you. x2
You hit the yak.
You kill the yak!
The yak gores you.
You sock the adder! You drain the adder.
You kill the adder!
The yak gores you!
You sock the yak!
The yak is moderately wounded.
The yak closely misses you. The yak gores you!
You hit the yak but do no damage. You drain the yak.
The yak is moderately wounded.
The yak closely misses you. The yak gores you. x2
* * * LOW HITPOINT WARNING * * *
You barely miss the yak.
Kenrick gestures at the yak while chanting.
The stone arrow hits the yak!
The yak gores you!
* * * LOW HITPOINT WARNING * * *
The yak gores you!
You die...

#......## .......#
.. .......+ #. .)
#......# #..
.##.....#
#.###.#.Y..#
##.....#YY#
#......#@#
#.....#R# #
#......######.#
#.....##......##
...#.###.#R###...##
##.....#R#.....#
#......#........
...#.....#........
... #......#.......


You could see the friendly Kenrick the battlemage and 3 yaks.

Vanquished Creatures
  A yak (D:6)
  A centaur (D:5)
  A scorpion (D:4)
  A hound (D:4)
  An orc priest (D:3)
  4 gnolls
  6 adders
  An ufetubus (D:4)
  3 worms
  3 dart slugs
  6 orcs
  4 bats
  3 endoplasms
  3 giant cockroaches
  5 goblins
  8 hobgoblins
  5 jackals (D:2)
  3 quokkas
  10 ball pythons
  A frilled lizard (D:1)
  4 kobolds
  A rat (D:2)
75 creatures vanquished.

Vanquished Creatures (collateral kills)
  A black bear (D:5)
  A scorpion (D:5)
  2 orc priests
  2 hounds
  A jelly (D:4)
  2 orc wizards
  2 gnolls
  An adder (D:4)
  2 worms (D:2)
  A dart slug (D:1)
  15 orcs
  A ball python (D:1)
  An endoplasm (D:2)
  3 giant cockroaches
  3 goblins
  A hobgoblin (D:2)
  2 quokkas
  A bat (D:3)
  A kobold (D:1)
43 creatures vanquished.

Vanquished Creatures (others)
  A quokka (D:4)
1 creature vanquished.

Grand Total: 119 creatures vanquished

Notes
Turn   | Place    | Note
-------+----------+-------------------------------------------
     0 | D:1      | gobodom the Troll Gladiator began the quest for the Orb.
     0 | D:1      | Reached XP level 1. HP: 19/19 MP: 0/0
   132 | D:1      | Reached XP level 2. HP: 24/28 MP: 1/1
   349 | D:1      | Found a faded altar of an unknown god.
   351 | D:1      | Reached XP level 3. HP: 35/35 MP: 2/2
   369 | D:1      | Prayed at the altar of an unknown god.
   369 | D:1      | Became a worshipper of Hepliaklqana the Forgotten
   369 | D:1      | Reached * piety under Hepliaklqana
   890 | D:2      | Reached XP level 4. HP: 37/37 MP: 3/3
  1114 | D:2      | Found a shimmering altar of Xom.
  1155 | D:2      | Reached skill level 1 in Stealth
  1476 | D:2      | Reached ** piety under Hepliaklqana
  1479 | D:2      | Remembered your ancestor Kenrick as a battlemage
  1621 | D:3      | Reached skill level 1 in Maces & Flails
  1621 | D:3      | Reached XP level 5. HP: 44/44 MP: 5/5
  2151 | D:3      | Found an ancient bone altar of Kikubaaqudgha.
  2209 | D:3      | Found an ornate altar of the Wu Jian Council.
  2885 | D:4      | Found a shimmering altar of Xom.
  2892 | D:4      | Reached skill level 2 in Maces & Flails
  2892 | D:4      | Reached XP level 6. HP: 51/51 MP: 6/6
  3229 | D:5      | Entered Level 5 of the Dungeon
  3234 | D:5      | Reached skill level 3 in Maces & Flails
  3291 | D:5      | Reached XP level 7. HP: 51/59 MP: 7/7
  3310 | D:5      | Reached *** piety under Hepliaklqana
  3505 | D:5      | Reached skill level 4 in Maces & Flails
  3875 | D:6      | Noticed a yak
  3875 | D:6      | Noticed a yak
  3876 | D:6      | Noticed a yak
  3876 | D:6      | Noticed a yak
  3879 | D:6      | Noticed a yak
  3888 | D:6      | Killed a yak
  3892 | D:6      | HP: 1/60 [yak (14)]
  3892 | D:6      | Mangled by a yak

Illustrated notes

Levels and vault maps discovered:
D:1:      lemuel_arrival_tunnels, layout_basic,
          hellmonk_ecumenical_altar_arch_garden
D:2:      layout_basic, basic_altar, dk_vineyard_1, chequers_avenue
D:3:      layout_basic, nzn_wu_jian_council_hall, lemuel_round_altar
D:4:      layout_rooms, xom_confusion_cloud
D:5:      layout_rooms
D:6:      nicolae_BIG_FREAKIN_CUBE, layout_loops_corners,
          nicolae_vehumet_radiance, mainiacjoe_overflow_brackets,
          gammafunk_temple_overflow_forgotten, due_unseen_surprise

Skill      XL: |  1  2  3  4  5  6  7 |
---------------+----------------------+-----
Throwing       | 2 |  2.3
Axes           | 3 |  3.1
Stealth        | 1 2 |  2.1
Fighting       | 2 3 |  3.1
Maces & Flails | 1 2 3 4 |  4.9
Dodging        | 3 |  3.7
Spellcasting   | |  0.9

Action                   |  1- 3 |  4- 6 |  7- 9 || total
-------------------------+-------+-------+-------++-------
Melee: War axe           |    54 |       |       ||    54
       Mace              |    35 |   101 |    35 ||   171
       Punch             |     1 |     1 |       ||     2
Throw: Large rock        |       |     1 |     1 ||     2
       Throwing net      |       |     1 |       ||     1
Invok: Ancestor Life: Ba |       |     1 |       ||     1
       Ancestor Identity |       |     1 |       ||     1
       Recall Ancestor   |       |     1 |       ||     1
  Use: Scroll            |       |     5 |       ||     5
 Stab: Sleeping          |       |     5 |     1 ||     6
Armor: Robe              |    51 |    39 |     9 ||    99
Dodge: Dodged            |    57 |    62 |    23 ||   142

Table legend: (Time is in decaauts)
 A = Elapsed time spent in this place.
 B = Non-inter-level travel time spent in this place.
 C = Inter-level travel time spent in this place.
 D = Time resting spent in this place.
 E = Time spent auto-exploring this place.
 F = Levels seen in this place.
 G = Mean time per level.
                   A        B        C        D        E       F      G
               +--------+--------+--------+--------+--------+-----+--------+
         Total |   3959 |   3654 |    305 |      0 |   2499 |   6 |  659.8 |
       Dungeon |   3959 |   3654 |    305 |      0 |   2499 |   6 |  659.8 |
               +--------+--------+--------+--------+--------+-----+--------+

Top non-repeatable levels by time:
     D:3: 1272 daAuts
     D:2: 842 daAuts
     D:1: 819 daAuts
     D:5: 503 daAuts
     D:4: 354 daAuts
     D:6: 167 daAuts
